 Dungeon Crawl Stone Soup version 0.18-a0-775-g4d9e04e (webtiles) character file.

50 Proton the Distorting Demonspawn (level 3, -2/29 HPs)
             Began as a Demonspawn Abyssal Knight on Dec 13, 2015.
             Was a Believer of Lugonu.
             Killed from afar by an orc wizard (7 damage)
             ... with a puff of flame
             ... on level 2 of the Dungeon.
             The game lasted 00:02:23 (1417 turns).

Proton the Distorting Demonspawn (DsAK)             Turns: 1417, Time: 00:02:23

Health: -2/29      AC: 16    Str: 13    XL:     3   Next: 55%
Magic:  5/5        EV:  3    Int: 13    God:    Lugonu [**....]
Gold:   103        SH:  0    Dex: 12    Spells: 0 memorised, 2 levels left

rFire  . . .     SeeInvis .     a - +1 mace
rCold  . . .     Clarity  .     e - +0 plate armour (curse)
rNeg   . . .     SustAt   .     (no shield)
rPois  .         Gourm    .     i - +2 helmet
rElec  .         Spirit   .     n - +0 cloak
rCorr  .         Dismiss  .     j - +0 pair of gloves
rMut   .         Stasis   .     (no boots)
MR     .....                    (no amulet)
Stlth  ..........               (no ring)
                                f - ring of wizardry

@: confused, not resistant to hostile enchantments, extremely unstealthy
A: nightstalker 1
a: Depart the Abyss, Bend Space, Renounce Religion


You were on level 2 of the Dungeon.
You worshipped Lugonu.
Lugonu was pleased with you.
You were not hungry.

You visited 1 branch of the dungeon, and saw 3 of its levels.
You visited the Abyss 1 time.

You collected 103 gold pieces.

Inventory:

Hand Weapons
 a - a +1 mace (weapon)
Armour
 e - a cursed +0 plate armour (worn)
 i - a +2 helmet (worn)
 j - a +0 pair of gloves (worn)
 n - a +0 cloak (worn)
Jewellery
 f - a ring of wizardry (left hand)
Scrolls
 d - a scroll of teleportation {unknown}
 g - 3 scrolls of noise {unknown}
 h - 3 scrolls of identify {unknown}
 k - a scroll of recharging {unknown}
 l - 2 scrolls of remove curse {unknown}
 o - a scroll of amnesia {unknown}
Potions
 b - a potion of haste {unknown}
 m - a potion of invisibility
Comestibles
 c - 2 bread rations


   Skills:
 + Level 3.2 Fighting
 + Level 2.1 Maces & Flails
 + Level 2.2 Armour
 + Level 1.5 Dodging
 + Level 3.4 Invocations


You had 2 spell levels left.
You didn't know any spells.

Dungeon Overview and Level Annotations

Branches:
Dungeon (3/15)

Altars:


Innate Abilities, Weirdness & Mutations

You are slightly more attuned to the shadows.


Message History

A magic dart appears from out of thin air!
The magic dart hits you!
* * * LOW HITPOINT WARNING * * *
Something completely misses you.
You hear some strange, mumbled words.
You are more confused.
Something hits you.
* * * LOW HITPOINT WARNING * * *
Your plate armour prevents you from hitting something.
Something hits you but does no damage.
You barely miss something.
You hear some strange, mumbled words.
You are more confused.
You hear some strange, mumbled words.
Something tries to affect you, but you resist.
You're too confused to move!
Something hits you but does no damage.
You hear some strange, mumbled words.
A puff of flame appears from out of thin air!
The puff of flame hits you!
You die...

##.....# #...[..(.'............
####..##.#
#.......(##...........
......##÷#
#........##...........
.###...#.#
########.##...........
.###.#.#.########
#.##...........
...#.#...<)..†..#
#.##...........
...#+##..######.#
#....#+########
..<...#.(######.###..(...#
..#...#.>.......@..#.#...#
..#.....######..##.#.#..#######
..####### #.###.#.#........#
..# #[......#.######.# ..#
#####.....# #.# # ..# #######
#.# # ### #.# # #.### #....


There were no monsters in sight!

Vanquished Creatures
  2 adders (D:2)
  A ball python (D:2)
  6 bats
  3 goblins
  3 hobgoblins
  2 quokkas (D:2)
  2 giant cockroaches (D:2)
  3 giant newts
  7 kobolds
  4 rats
33 creatures vanquished.

Notes
Turn   | Place    | Note
--------------------------------------------------------------
     0 | Abyss:1  | Proton the Demonspawn Abyssal Knight began the quest for the Orb.
     0 | Abyss:1  | Reached XP level 1. HP: 18/18 MP: 2/2
    10 | D:1      | Escaped the Abyss
   270 | D:1      | Reached skill level 1 in Dodging
   552 | D:1      | Gained mutation: You are slightly more attuned to the shadows. [demonic ancestry]
   552 | D:1      | Reached XP level 2. HP: 24/24 MP: 4/4
  1047 | D:2      | Reached ** piety under Lugonu
  1056 | D:2      | Reached XP level 3. HP: 18/29 MP: 5/5
  1417 | D:2      | Killed from afar by an orc wizard

Vault maps used:
D:1:      minmay_arrival_up_and_down, feat_on_display
D:3:      old_standard_altar
Abyss:1:  hangedman_abyss_or_decor_passed, eino_small_chamber_without_monster,
          minivault_4

Action                   || total
-------------------------++-------
Melee: Mace              ||   151
  Eat: Bread ration      ||     1
